3074 views
Uploaded 2020-03-08 18:32:33
Game version 1.32.2
7:46 long 3on3 ladder game on (6)UpperKingdom
Saved by BEARAND
3074 views
Uploaded 2020-03-08 18:32:33
Game version 1.32.2
7:46 long 3on3 ladder game on (6)UpperKingdom


59 units @ 4.2k
/ 0k
53 buildings @ 3.7k
/ 1.5k

| Wisp | 17 | 1020 | / | 0 |
| total: | 17 | 1020g | / | 0w |
| Altar of Elders | 1 | 180 | / | 50 |
| Moon Well | 2 | 360 | / | 80 |
| Tree of Life | 2 | 680 | / | 370 |
| Tree of Ages | 1 | 320 | / | 180 |
| total: | 5 | 1220g | / | 500w |
| 0:01 | Wisp |
| 0:11 | Wisp |
| 0:16 | Altar of Elders |
| 0:22 | Wisp |
| 0:30 | Moon Well |
| 0:31 | Wisp |
| 1:03 | Tree of Life |
| 1:13 | Wisp |
| 1:24 | Tree of Life |
| 1:29 | Wisp |
| 1:34 | Wisp |
| 1:53 | Wisp |
| 2:11 | Wisp |
| 2:27 | Wisp |
| 2:35 | Summon Quilbeast |
| 2:42 | Wisp |
| 3:17 | Wisp |
| 3:30 | Wisp |
| 5:21 | Wisp |
| 5:22 | Wisp |
| 5:50 | Wisp |
| 5:51 | Wisp |
| 6:08 | Summon Bear |
| 6:34 | Tree of Ages |
| 7:18 | Moon Well |
| Right click | 431 |
| Select | 183 |
| Select group | 51 |
| Resource trade | 47 |
| Build/train/purchase | 38 |
| Assign group | 25 |
| Remove unit | 4 |
| Use ability | 2 |
| Minimap ping | 1 |

| Scroll of Regeneration | 2 | 200 |
| Lesser Clarity Potion | 1 | 70 |
| total: | 3 | 270g |
| Peasant | 23 | 1725 | / | 0 |
| total: | 23 | 1725g | / | 0w |
| Scout Tower | 24 | 720 | / | 480 |
| Guard Tower | 12 | 840 | / | 600 |
| Arcane Tower | 1 | 70 | / | 50 |
| Altar of Kings | 1 | 180 | / | 50 |
| Farm | 3 | 240 | / | 60 |
| Lumber Mill | 1 | 120 | / | 0 |
| Arcane Vault | 2 | 260 | / | 60 |
| total: | 31 | 1520g | / | 650w |
| 0:01 | Peasant |
| 0:03 | Altar of Kings |
| 0:04 | Peasant |
| 0:17 | Farm |
| 0:21 | Peasant |
| 0:29 | Peasant |
| 0:37 | Peasant |
| 0:50 | Lumber Mill |
| 0:55 | Peasant |
| 1:08 | Peasant |
| 1:12 | Farm |
| 1:31 | Peasant |
| 1:39 | Farm |
| 1:47 | Summon Water Elemental |
| 1:59 | Peasant |
| 2:12 | Peasant |
| 2:13 | Peasant |
| 2:20 | Peasant |
| 2:26 | Improved Masonry |
| 2:27 | Arcane Vault |
| 2:31 | Brilliance Aura |
| 2:35 | Peasant |
| 3:09 | Scroll of Regeneration |
| 3:09 | Scroll of Regeneration |
| 3:09 | Lesser Clarity Potion |
| 3:13 | Peasant |
| 3:23 | Peasant |
| 3:33 | Peasant |
| 3:53 | Scout Tower |
| 3:55 | Scout Tower |
| 3:55 | Scout Tower |
| 3:57 | Scout Tower |
| 4:00 | Scout Tower |
| 4:05 | Scout Tower |
| 4:19 | Scout Tower |
| 4:20 | Scout Tower |
| 4:20 | Peasant |
| 4:21 | Guard Tower |
| 4:22 | Guard Tower |
| 4:27 | Guard Tower |
| 4:31 | Scout Tower |
| 4:34 | Guard Tower |
| 4:48 | Guard Tower |
| 4:54 | Guard Tower |
| 4:55 | Scout Tower |
| 4:56 | Scout Tower |
| 4:57 | Scout Tower |
| 5:04 | Scout Tower |
| 5:05 | Scout Tower |
| 5:13 | Scout Tower |
| 5:15 | Scout Tower |
| 5:18 | Peasant |
| 5:19 | Scout Tower |
| 5:21 | Scout Tower |
| 5:25 | Guard Tower |
| 5:35 | Guard Tower |
| 5:46 | Guard Tower |
| 6:00 | Scout Tower |
| 6:01 | Scout Tower |
| 6:15 | Scout Tower |
| 6:26 | Peasant |
| 6:38 | Scout Tower |
| 6:43 | Summon Water Elemental |
| 6:58 | Arcane Tower |
| 6:58 | Guard Tower |
| 6:59 | Peasant |
| 7:02 | Scout Tower |
| 7:03 | Scout Tower |
| 7:08 | Arcane Vault |
| 7:09 | Guard Tower |
| 7:10 | Peasant |
| 7:26 | Peasant |
| 7:34 | Peasant |
| 7:35 | Guard Tower |
| Assign group | 408 |
| Right click | 394 |
| Select | 204 |
| Select group | 119 |
| Build/train/purchase | 73 |
| Resource trade | 16 |
| Chat | 10 |
| Misc. action | 8 |

| Peasant | 19 | 1425 | / | 0 |
| total: | 19 | 1425g | / | 0w |
| Scout Tower | 12 | 360 | / | 240 |
| Guard Tower | 13 | 910 | / | 650 |
| Altar of Kings | 1 | 180 | / | 50 |
| Farm | 2 | 160 | / | 40 |
| Lumber Mill | 2 | 240 | / | 0 |
| total: | 17 | 940g | / | 330w |
| 0:01 | Peasant |
| 0:02 | Peasant |
| 0:05 | Altar of Kings |
| 0:11 | Peasant |
| 0:17 | Farm |
| 0:19 | Peasant |
| 0:28 | Farm |
| 0:31 | Peasant |
| 0:53 | Peasant |
| 1:06 | Peasant |
| 1:22 | Peasant |
| 1:25 | Lumber Mill |
| 1:27 | Lumber Mill |
| 1:28 | Peasant |
| 1:43 | Peasant |
| 1:59 | Summon Water Elemental |
| 2:09 | Peasant |
| 2:09 | Peasant |
| 2:30 | Peasant |
| 2:44 | Brilliance Aura |
| 3:05 | Improved Masonry |
| 3:06 | Peasant |
| 3:47 | Scout Tower |
| 3:48 | Scout Tower |
| 3:54 | Scout Tower |
| 3:54 | Scout Tower |
| 4:07 | Guard Tower |
| 4:07 | Guard Tower |
| 4:09 | Scout Tower |
| 4:10 | Scout Tower |
| 4:11 | Scout Tower |
| 4:14 | Scout Tower |
| 4:21 | Guard Tower |
| 4:23 | Guard Tower |
| 4:36 | Guard Tower |
| 4:38 | Scout Tower |
| 4:57 | Guard Tower |
| 5:28 | Peasant |
| 5:29 | Peasant |
| 5:29 | Peasant |
| 5:32 | Guard Tower |
| 6:12 | Guard Tower |
| 6:12 | Guard Tower |
| 6:47 | Scout Tower |
| 6:47 | Scout Tower |
| 7:17 | Guard Tower |
| 7:18 | Scout Tower |
| 7:23 | Peasant |
| 7:23 | Peasant |
| Right click | 713 |
| Select | 235 |
| Select group | 80 |
| Build/train/purchase | 67 |
| Resource trade | 22 |
| Assign group | 13 |
| Misc. action | 1 |
| Use ability | 1 |
| Minimap ping | 1 |
57 units @ 6.8k
/ 0.5k
29 buildings @ 4.8k
/ 1.4k

| Wisp | 13 | 780 | / | 0 |
| Archer | 1 | 130 | / | 10 |
| Huntress | 6 | 1170 | / | 120 |
| total: | 20 | 2080g | / | 130w |
| Ancient Protector | 3 | 405 | / | 240 |
| Altar of Elders | 1 | 180 | / | 50 |
| Moon Well | 3 | 540 | / | 120 |
| Ancient of War | 2 | 300 | / | 120 |
| Hunter's Hall | 1 | 210 | / | 100 |
| total: | 10 | 1635g | / | 630w |
| 0:02 | Wisp |
| 0:02 | Wisp |
| 0:08 | Altar of Elders |
| 0:17 | Moon Well |
| 0:27 | Wisp |
| 0:31 | Ancient of War |
| 0:33 | Wisp |
| 0:44 | Wisp |
| 0:47 | Wisp |
| 1:04 | Wisp |
| 1:04 | Wisp |
| 1:30 | Moon Well |
| 1:32 | Archer |
| 1:37 | Wisp |
| 2:07 | Hunter's Hall |
| 2:19 | Shadow Strike |
| 2:26 | Ancient of War |
| 2:46 | Moon Well |
| 3:22 | Ancient Protector |
| 3:24 | Ancient Protector |
| 3:30 | Huntress |
| 3:51 | Huntress |
| 3:51 | Huntress |
| 4:31 | Huntress |
| 4:43 | Huntress |
| 5:02 | Wisp |
| 5:12 | Blink |
| 5:18 | Ancient Protector |
| 5:57 | Huntress |
| 7:27 | Wisp |
| 7:27 | Wisp |
| 7:27 | Wisp |
| Right click | 291 |
| Select | 161 |
| Select group | 94 |
| Build/train/purchase | 29 |
| Misc. action | 25 |
| Use ability | 18 |
| Assign group | 13 |
| Minimap ping | 2 |
| Esc | 1 |

| Rod of Necromancy | 1 | 150 |
| total: | 1 | 150g |
| Acolyte | 2 | 150 | / | 0 |
| Ghoul | 12 | 1440 | / | 0 |
| Crypt Fiend | 5 | 1075 | / | 200 |
| total: | 19 | 2665g | / | 200w |
| Crypt | 2 | 400 | / | 100 |
| Altar of Darkness | 1 | 180 | / | 50 |
| Ziggurat | 3 | 450 | / | 150 |
| Tomb of Relics | 1 | 130 | / | 30 |
| Graveyard | 1 | 215 | / | 0 |
| Halls of the Dead | 1 | 320 | / | 210 |
| total: | 8 | 1375g | / | 330w |
| 0:04 | Acolyte |
| 0:09 | Crypt |
| 0:11 | Altar of Darkness |
| 0:24 | Ziggurat |
| 0:45 | Acolyte |
| 1:11 | Ghoul |
| 1:22 | Tomb of Relics |
| 1:27 | Ghoul |
| 1:28 | Ghoul |
| 1:53 | Ziggurat |
| 1:58 | Ghoul |
| 2:04 | Cannibalize |
| 2:14 | Sleep |
| 2:27 | Rod of Necromancy |
| 2:43 | Ghoul |
| 3:15 | Ghoul |
| 3:16 | Halls of the Dead |
| 3:48 | Ghoul |
| 3:50 | Backpack |
| 3:53 | Graveyard |
| 4:05 | Ghoul |
| 4:09 | Ziggurat |
| 4:51 | Ghoul |
| 4:54 | Ghoul |
| 5:24 | Crypt Fiend |
| 5:26 | Crypt |
| 5:58 | Ghoul |
| 6:11 | Carrion Swarm |
| 6:29 | Crypt Fiend |
| 6:34 | Ghoul |
| 6:34 | Crypt Fiend |
| 7:11 | Crypt Fiend |
| 7:14 | Crypt Fiend |
| Right click | 198 |
| Select | 122 |
| Select group | 102 |
| Build/train/purchase | 32 |
| Assign group | 17 |
| Minimap ping | 12 |
| Misc. action | 8 |
| Use ability | 7 |
| Remove unit | 1 |
| Esc | 1 |

| Peon | 8 | 600 | / | 0 |
| Troll Headhunter | 9 | 1260 | / | 180 |
| Grunt | 1 | 200 | / | 0 |
| total: | 18 | 2060g | / | 180w |
| Watch Tower | 1 | 110 | / | 80 |
| Altar of Storms | 1 | 180 | / | 50 |
| Orc Burrow | 4 | 640 | / | 160 |
| War Mill | 1 | 205 | / | 0 |
| Voodoo Lounge | 1 | 130 | / | 30 |
| Barracks | 3 | 540 | / | 150 |
| Stronghold | 1 | 315 | / | 190 |
| total: | 11 | 1805g | / | 470w |
| 0:04 | Peon |
| 0:05 | Altar of Storms |
| 0:08 | Orc Burrow |
| 0:10 | Peon |
| 0:15 | Peon |
| 0:51 | War Mill |
| 1:00 | Peon |
| 1:18 | Voodoo Lounge |
| 1:26 | Peon |
| 1:41 | Orc Burrow |
| 1:51 | Peon |
| 2:04 | Endurance Aura |
| 2:08 | Barracks |
| 2:22 | Barracks |
| 2:28 | Barracks |
| 3:17 | Orc Burrow |
| 3:29 | Troll Headhunter |
| 3:33 | Orc Burrow |
| 3:35 | Peon |
| 3:35 | Peon |
| 3:41 | Troll Headhunter |
| 4:03 | Troll Headhunter |
| 4:18 | Grunt |
| 4:21 | Troll Headhunter |
| 4:31 | Troll Headhunter |
| 4:48 | Troll Headhunter |
| 4:59 | Troll Headhunter |
| 5:20 | Watch Tower |
| 5:38 | War Stomp |
| 5:44 | Steel Ranged Weapons |
| 5:56 | Troll Headhunter |
| 6:16 | Troll Headhunter |
| 6:57 | Stronghold |
| Right click | 385 |
| Select group | 234 |
| Select | 93 |
| Misc. action | 38 |
| Build/train/purchase | 26 |
| Chat | 17 |
| Assign group | 15 |
| Minimap ping | 13 |
| Use ability | 1 |
| Esc | 1 |
โ